 Dungeon Crawl Stone Soup version 0.29-a0-721-g7f417c9bbb (webtiles) character file.

Game seed: 17270319650186561841

828 kevlar127 the Ruffian (level 7, -1/72 HPs)
             Began as a Troll Berserker on June 27, 2022.
             Was a Priest of Trog.
             Slain by Dowan
             ... wielding a +0 dagger
              (4 damage)
             ... on level 4 of the Dungeon.
             The game lasted 00:09:33 (3107 turns).

kevlar127 the Ruffian (Troll Berserker)             Turns: 3107, Time: 00:09:34

Health: -1/72      AC:  8    Str: 28    XL:     7   Next: 64%
Magic:  6/6        EV: 10    Int:  3    God:    Trog [***...]
Gold:   101        SH:  0    Dex:  9    Spells: 6/6 levels left

rFire   . . .      SeeInvis .     - Unarmed
rCold   . . .      Faith    .   (no shield)
rNeg    . . .      Spirit   .   l - +2 robe
rPois   .          Reflect  .   (helmet restricted)
rElec   .          Harm     .   u - +1 cloak
rCorr   .          Rampage  .   (gloves unavailable)
Will    ++...                   (boots unavailable)
Stlth   +.........              (no amulet)
HPRegen 2.02/turn               o - +4 ring of slaying
MPRegen 0.10/turn               (no ring)

@: lethally poisoned (-1 -> -1), strong-willed, regenerating
A: large, unfitting armour, claws 3, regeneration 1, shaggy fur 1, tough skin 1
a: Renounce Religion, Berserk, Trog's Hand


You were on level 4 of the Dungeon.
You worshipped Trog.
Trog was most pleased with you.
You visited 1 branch of the dungeon, and saw 4 of its levels.

You collected 101 gold pieces.

Inventory:

Missiles
 e - 26 stones (quivered)
 p - 10 poisoned darts
 w - 5 javelins
Armour
 l - a +2 robe (worn)
 u - a +1 cloak (worn)
Jewellery
 o - a +4 ring of slaying (left claw)
Wands
 t - a wand of polymorph (11)
Scrolls
 b - 2 scrolls of vulnerability {unknown}
 c - a scroll of immolation {unknown}
 d - a scroll of torment {unknown}
 f - 2 scrolls of noise {unknown}
 n - 3 scrolls of identify {unknown}
 q - 2 scrolls of teleportation {unknown}
 s - a scroll of fear {unknown}
 v - a scroll of amnesia {unknown}
Potions
 a - a potion of lignification {unknown}
 g - 2 potions of heal wounds {unknown}
 h - a potion of might {unknown}
 i - a potion of haste {unknown}
 j - a potion of flight {unknown}
 k - a potion of ambrosia {unknown}
 m - a potion of attraction {unknown}
 r - a potion of mutation {unknown}


   Skills:
 + Level 5.4 Fighting
 + Level 1.4 Throwing
 - Level 3.0 Dodging
 + Level 6.4 Unarmed Combat


You had 6 spell levels left.
You didn't know any spells.
Your spell library was empty.

Dungeon Overview and Level Annotations

Branches:
Dungeon (4/15)
 Temple: D:4-7

Altars:
Hepliaklqana
Okawaru
Ru

Annotations:
D:4 Dowan


Innate Abilities, Weirdness & Mutations

You are too large for most types of armour.
You have claws for hands.
Your natural rate of healing is unusually fast.
You are covered in fur. (AC +1)
You have tough skin. (AC +1)


Message History

You feel very sick.
Dowan says, "Her death will not be in vain!"
Dowan casts a spell at you. The shard of ice misses you.
A giant cockroach comes into view.
Your Throwing skill increases to level 1!
You feel very sick. The iguana barely misses you.
You feel very sick.
Dowan points at you and mumbles some strange words.
The stone arrow misses you. The iguana bites you!
You closely miss Dowan.
You feel very sick.
Dowan hits you but does no damage. x2; The iguana bites you.
* * * LOW HITPOINT WARNING * * *
You barely miss Dowan.
You feel very sick.
Dowan shakes with grief.
Dowan closely misses you.
You closely miss Dowan.
You feel sick. The iguana closely misses you.
Dowan mumbles some strange words.
Dowan blinks!
You feel sick.
Dowan mumbles some strange words.
Dowan blinks!
The giant cockroach barely misses you.
You scratch the iguana.
The iguana is moderately wounded.
You feel sick. The iguana bites you.
* * * LOW HITPOINT WARNING * * *
The giant cockroach barely misses you.
You barely miss the iguana.
The iguana is moderately wounded.
You feel sick. The iguana bites you!
* * * LOW HITPOINT WARNING * * *
The giant cockroach bites you but does no damage.
You scratch the iguana but do no damage.
The iguana is moderately wounded.
You feel sick. The iguana barely misses you.
The giant cockroach closely misses you. Dowan hits you with a +0 dagger.
You die...

.. ... ## ...# ####.
#..# #####...#
##....####
#####......##
#..##....###......#####
..#............####
.#.....Bl...####
#......@e).##
#..........#
#..........#
#........ยง..#
#...........#
#........<..#
#............
############.#


You could see Dowan (fast), an iguana and a giant cockroach.

Vanquished Creatures
  Sigmund (D:3)
  Duvessa (D:4)
  2 phantoms
  A scorpion (D:4)
  Ijyb (D:3)
  An orc priest (D:3)
  Jessica (D:3)
  An iguana (D:4)
  Terence (D:3)
  2 orc wizards (D:3)
  Robin (D:3)
  7 adders
  A worm (D:3)
  7 orcs (D:3)
  5 ball pythons
  9 endoplasms
  2 giant cockroaches (D:3)
  13 goblins
  13 hobgoblins
  3 jackals (D:1)
  11 kobolds
  2 quokkas
  3 bats (D:2)
  4 frilled lizards (D:1)
  9 rats
  A spectral hobgoblin (D:3)
103 creatures vanquished.

Notes
Turn   | Place    | Note
-------+----------+-------------------------------------------
     0 | D:1      | kevlar127 the Troll Berserker began the quest for the Orb.
     0 | D:1      | Reached XP level 1. HP: 22/22 MP: 0/0
    60 | D:1      | Reached XP level 2. HP: 29/29 MP: 1/1
   197 | D:1      | Reached ** piety under Trog
   274 | D:1      | Reached XP level 3. HP: 33/36 MP: 2/2
   662 | D:2      | Noticed a phantom
   681 | D:2      | Killed a phantom
   682 | D:2      | Reached skill level 4 in Unarmed Combat
   682 | D:2      | Reached XP level 4. HP: 43/45 MP: 3/3
   851 | D:2      | Reached XP level 5. HP: 48/53 MP: 4/4
   893 | D:2      | You fall into a shaft and drop 2 floors!
   922 | D:3      | Noticed Sigmund
   934 | D:3      | Killed Sigmund
   935 | D:3      | Reached skill level 5 in Unarmed Combat
   935 | D:3      | Reached XP level 6. HP: 63/63 MP: 5/5
  1216 | D:3      | Noticed Terence
  1222 | D:3      | Killed Terence
  1352 | D:2      | Found a faded altar of an unknown god.
  1646 | D:3      | Noticed Robin
  1662 | D:3      | Killed Robin
  2038 | D:3      | Reached *** piety under Trog
  2302 | D:3      | Found an iron altar of Okawaru.
  2388 | D:3      | Reached XP level 7. HP: 71/71 MP: 6/6
  2420 | D:3      | Noticed Ijyb
  2429 | D:3      | Killed Ijyb
  2433 | D:3      | Reached skill level 5 in Fighting
  2433 | D:3      | Reached skill level 6 in Unarmed Combat
  2574 | D:3      | Found a hazy altar of Hepliaklqana.
  2653 | D:3      | Noticed Jessica
  2656 | D:3      | Killed Jessica
  2660 | D:3      | Found a sacrificial altar of Ru.
  3086 | D:4      | Noticed Duvessa
  3087 | D:4      | Noticed Dowan
  3098 | D:4      | Killed Duvessa
  3099 | D:4      | Reached skill level 1 in Throwing
  3106 | D:4      | HP: 2/72 [iguana (8)]
  3107 | D:4      | Slain by Dowan

Illustrated notes

Levels and vault maps discovered:
D:1:      denvon_arrival_hothouse, layout_rooms, nicolae_figureground_pulse
D:2:      layout_rooms, nicolae_ecumenical_pavilion
D:3:      minmay_diamond_boxcup, layout_loops_ring,
          nicolae_hepliaklqana_monster_ancestors, minitemple, uniq_robin,
          uniq_ijyb, uniq_terence, uniq_jessica, uniq_sigmund
D:4:      layout_cave_pods, lemuel_coloured_pillars_altar, uniq_natasha,
          uniq_pikel, uniq_duvessa

Skill      XL: |  1  2  3  4  5  6  7 |
---------------+----------------------+-----
Fighting       | 3 4 5 |  5.4
Dodging        | 3 |  3.0
Unarmed Combat | 4 5 6 |  6.4
Throwing       | 1 |  1.4

Action                   |  1- 3 |  4- 6 |  7- 9 || total
-------------------------+-------+-------+-------++-------
Melee: Unarmed           |    88 |   157 |    49 ||   294
       Punch             |       |     2 |     3 ||     5
Invok: Trog's Hand       |       |     2 |     1 ||     3
       Berserk           |       |     1 |       ||     1
Armor: Animal skin       |    31 |     9 |       ||    40
       Robe              |       |    47 |    25 ||    72
Dodge: Dodged            |    48 |    67 |    23 ||   138

Table legend: (Time is in decaauts)
 A = Elapsed time spent in this place.
 B = Non-inter-level travel time spent in this place.
 C = Inter-level travel time spent in this place.
 D = Time resting spent in this place.
 E = Time spent auto-exploring this place.
 F = Levels seen in this place.
 G = Mean time per level.
                   A        B        C        D        E       F      G
               +--------+--------+--------+--------+--------+-----+--------+
         Total |   3084 |   2816 |    268 |    575 |   1599 |   4 |  771.0 |
       Dungeon |   3084 |   2816 |    268 |    575 |   1599 |   4 |  771.0 |
               +--------+--------+--------+--------+--------+-----+--------+

Top non-repeatable levels by time:
     D:3: 1642 daAuts
     D:1: 625 daAuts
     D:2: 503 daAuts
     D:4: 314 daAuts
